 Dungeon Crawl Stone Soup version 0.26-a0-664-gc8b27b8fc1 (webtiles) character file.

Game seed: 5855646012636236459

46 Radels the Chiller (level 3, 27/27 HPs)
             Began as a Merfolk Ice Elementalist on Oct 12, 2020.
             Quit the game on level 2 of the Dungeon.
             The game lasted 00:10:14 (1195 turns).

Radels the Chiller (Merfolk Ice Elementalist)       Turns: 1195, Time: 00:10:15

Health: 27/27      AC:  3    Str:  8    XL:     3   Next: 68%
Magic:  6/6        EV: 13    Int: 15    God:
Gold:   64         SH:  0    Dex: 14    Spells: 3/7 levels left

rFire    . . .     SeeInvis .   f - +2 dagger (flame)
rCold    . . .     Faith    .   (no shield)
rNeg     . . .     Spirit   .   a - +0 robe
rPois    .         Reflect  .   (no helmet)
rElec    .         Harm     .   (no cloak)
rCorr    .         Rampage  .   h - +0 pair of gloves
MR       .....                  (no boots)
Stlth    ++........             (no amulet)
HPRegen  0.09/turn              (no ring)
MPRegen  0.10/turn              (no ring)

@: no status effects
A: change form in water, swift swim, stealthy swim
a: no special abilities


You were on level 2 of the Dungeon.
You visited 1 branch of the dungeon, and saw 2 of its levels.

You collected 64 gold pieces.

Inventory:

Hand Weapons
 f - a +2 dagger of flaming (weapon)
Armour
 a - a +0 robe (worn)
 b - a +0 ring mail
 h - a +0 pair of gloves (worn)
Jewellery
 j - an uncursed amulet of regeneration {unknown}
Scrolls
 d - 2 scrolls of teleportation {unknown}
 g - 3 scrolls of identify {unknown}
 k - a scroll of blinking {unknown}
Potions
 c - a potion of stabbing {unknown}
 e - a potion of brilliance {unknown}
 i - a potion of degeneration {unknown}


   Skills:
 + Level 1.7 Fighting
 - Level 3.0 Dodging
 - Level 2.1 Stealth
 + Level 2.6 Spellcasting
 + Level 4.8 Ice Magic


You had 3 spell levels left.
You knew the following spells:

 Your Spells              Type           Power        Failure   Level
f - Freeze                Ice            ###.         2%          1
r - Frozen Ramparts       Ice            ###...       9%          3

Your spell library contained the following spells:

 Spells                   Type           Power        Failure   Level
 Ozocubu's Armour         Ice            ###.....     9%          3
 Hailstorm                Conj/Ice       #.......     58%         4
 Summon Ice Beast         Ice/Summ       #.......     58%         4


Dungeon Overview and Level Annotations

Branches:
Dungeon (2/15)

Altars:


Message History

You closely miss the giant cockroach.
The giant cockroach is moderately wounded.
The giant cockroach bites you but does no damage.
You hit the giant cockroach. You burn the giant cockroach.
The giant cockroach is almost dead.
The giant cockroach barely misses you.
You hit the giant cockroach. You burn the giant cockroach.
You kill the giant cockroach!
No target in view!
Quiver which item? (- for none, * to show all) (? for menu, Esc to quit)
Okay, then.
Save game and exit?
Welcome back, Radels the Merfolk Ice Elementalist.
Press ? for a list of commands and other information.
Saving game... please wait.
Welcome back, Radels the Merfolk Ice Elementalist.
Press ? for a list of commands and other information.
Quiver which item? (- for none, * to show all) (? for menu, Esc to quit)
Okay, then.
Are you sure you want to abandon this character and quit the game? (Confirm with "yes".)

#.. # #.# ##.
#^########### #.##
##...<......#
##..###.#########.#
##....#..##
#####.........#
.............##
......†@..#.##
.#####.#.##.#
#.####.# #< #+# #.
#. #. #.


There were no monsters in sight!

Vanquished Creatures
  An adder (D:2)
  2 dart slugs
  3 leopard geckos (D:1)
  3 giant cockroaches
  3 hobgoblins (D:1)
  3 jackals (D:1)
  2 ball pythons (D:1)
  3 bats
  A frilled lizard (D:2)
  2 goblins (D:1)
  3 kobolds
  6 rats
32 creatures vanquished.

Notes
Turn   | Place    | Note
-------+----------+-------------------------------------------
     0 | D:1      | Radels the Merfolk Ice Elementalist began the quest for the
                  | Orb.
     0 | D:1      | Reached XP level 1. HP: 13/13 MP: 3/3
   184 | D:1      | Reached XP level 2. HP: 20/20 MP: 3/5
   307 | D:1      | Reached skill level 1 in Fighting
   644 | D:1      | You fall into a shaft and drop 1 floor!
   667 | D:2      | Reached XP level 3. HP: 25/26 MP: 2/6
   672 | D:2      | Learned a level 3 spell: Frozen Ramparts
  1195 | D:2      | Quit the game

Illustrated notes

Levels and vault maps discovered:
D:1:      lemuel_arrival_lava_pool, layout_rooms
D:2:      layout_loops_corners, minmay_goblin_kobold_house

Skill      XL: |  1  2 |
---------------+-------+-----
Dodging        | 3 |  3.0
Fighting       | 1 |  1.7
Stealth        | |  2.1
Spellcasting   | |  2.6
Ice Magic      | |  4.8

Action                   || total
-------------------------++-------
Melee: Dagger            ||    10
 Cast: Freeze            ||    30
       Frozen Ramparts   ||     3
Armor: Robe              ||    10
Dodge: Dodged            ||    23

Table legend: (Time is in decaauts)
 A = Elapsed time spent in this place.
 B = Non-inter-level travel time spent in this place.
 C = Inter-level travel time spent in this place.
 D = Time resting spent in this place.
 E = Time spent auto-exploring this place.
 F = Levels seen in this place.
 G = Mean time per level.
                   A        B        C        D        E       F      G
               +--------+--------+--------+--------+--------+-----+--------+
         Total |   1195 |   1192 |      3 |    137 |    709 |   2 |  597.5 |
       Dungeon |   1195 |   1192 |      3 |    137 |    709 |   2 |  597.5 |
               +--------+--------+--------+--------+--------+-----+--------+

Top non-repeatable levels by time:
     D:1: 854 daAuts
     D:2: 341 daAuts
